General information
- name: BNet
- type: Ladder team game (AT/RT)
- host: Battle.net
- saver: Gobiner
map: RiverOfSouls
- players: 6
- length: 92:32
- speed: Fast
- version: 1.23 W3XP
- replay type: Public
» download(758 KB)
Players
team 1 (loser)
evo[lgnd] (
pink | 118 APM | 10910 actions | 92:29)
5 Blademaster
2 Wind Walk
3 Critical Strike
4 Shadow Hunter
2 Hex
2 Healing Wave
» actions
| Assign group hotkey | 49 | |
| Basic commands | 219 | |
| Build / train | 122 | |
| Enter build submenu | 34 | |
| Enter hero's abilities submenu | 9 | |
| Give item / drop item | 11 | |
| Remove unit from queue | 1 | |
| Right click | 5623 | |
| Select / deselect | 1510 | |
| Select group hotkey | 2898 | |
| Use ability | 434 | |
10910 total
» units
| Peon | 31 | |
| Grunt | 2 | |
| Troll Witch Doctor | 14 | |
| Demolisher | 18 | |
| Troll Batrider | 4 | |
| Chimaera | 3 | |
72 total
» upgrades
| Witch Doctor Training | 2 | |
| Reinforced Defenses | 1 | |
| Burning Oil | 1 | |
| Ranged Weapons | 3 | |
| Spiked Barricades | 1 | |
| Armor | 2 | |
| Liquid Fire | 1 | |
| War Drums Damage Increase | 1 | |
12 total
» buildings
| Altar of Storms | 1 | |
| Orc Burrow | 7 | |
| Barracks | 5 | |
| Voodoo Lounge | 2 | |
| Stronghold | 1 | |
| War Mill | 1 | |
| Spirit Lodge | 1 | |
| Fortress | 1 | |
| Watch Tower | 10 | |
| Tauren Totem | 2 | |
| Beastiary | 4 | |
35 total
» build order
00:08 Altar of Storms
00:20 Orc Burrow
00:38 Barracks
01:41 Orc Burrow
02:36 Voodoo Lounge
03:11 Stronghold
03:57 Orc Burrow
04:30 War Mill
04:48 Voodoo Lounge
05:39 Spirit Lodge
05:43 Fortress
06:22 Watch Tower
09:33 Watch Tower
09:34 Watch Tower
09:36 Watch Tower
09:39 Watch Tower
09:40 Watch Tower
09:45 Watch Tower
12:03 Barracks
12:15 Watch Tower
13:26 Barracks
13:47 Orc Burrow
13:49 Orc Burrow
13:51 Orc Burrow
13:53 Orc Burrow
14:33 Barracks
15:35 Barracks
20:25 Tauren Totem
20:25 Tauren Totem
21:49 Watch Tower
21:49 Watch Tower
28:21 Beastiary
28:23 Beastiary
28:28 Beastiary
28:30 Beastiary
» items
| Circlet of Nobility | 1 | |
| Boots of Speed | 3 | |
| Healing Salve | 2 | |
| Lesser Clarity Potion | 2 | |
| Scroll of Speed | 2 | |
| Tiny Great Hall | 3 | |
| Scroll of Town Portal | 5 | |
| Staff of Teleportation | 2 | |
| Orb of Lightning | 1 | |
| Potion of Lesser Invulnerability | 1 | |
22 total
ExtrA.DrY (
orange | 87 APM | 6808 actions | 78:40)
4 Pit Lord
2 Rain of Fire
2 Howl of Terror
2 Keeper of the Grove
1 Entangling Roots
1 Force of Nature
» actions
| Assign group hotkey | 72 | |
| Basic commands | 68 | |
| Build / train | 70 | |
| Enter build submenu | 22 | |
| Enter hero's abilities submenu | 7 | |
| Give item / drop item | 6 | |
| Remove unit from queue | 3 | |
| Right click | 3515 | |
| Select / deselect | 852 | |
| Select group hotkey | 1938 | |
| Use ability | 255 | |
6808 total
» units
| Wisp | 21 | |
| Mountain Giant | 4 | |
| Chimaera | 11 | |
36 total
» upgrades
| Nature's Blessing | 1 | |
| Reinforced Hides | 3 | |
| Ultravision | 1 | |
| Hardened Skin | 1 | |
| Resistant Skin | 1 | |
| Strength of the Wild | 3 | |
| Corrosive Breath | 1 | |
11 total
» buildings
| Altar of Elders | 1 | |
| Moon Well | 9 | |
| Tree of Ages | 1 | |
| Hunter's Hall | 1 | |
| Ancient of Wonders | 1 | |
| Ancient Protector | 4 | |
| Tree of Eternity | 1 | |
| Ancient of Lore | 3 | |
| Ancient of Wind | 1 | |
| Chimaera Roost | 1 | |
23 total
» build order
00:09 Altar of Elders
00:19 Moon Well
01:31 Moon Well
01:44 Moon Well
05:59 Tree of Ages
06:01 Hunter's Hall
07:43 Ancient of Wonders
08:32 Ancient Protector
08:35 Ancient Protector
08:50 Ancient Protector
09:08 Ancient Protector
15:47 Tree of Eternity
18:50 Ancient of Lore
18:52 Ancient of Lore
18:53 Ancient of Lore
20:11 Moon Well
20:13 Moon Well
27:54 Moon Well
27:55 Moon Well
30:25 Moon Well
30:26 Moon Well
58:30 Ancient of Wind
60:20 Chimaera Roost
» items
| Boots of Speed | 2 | |
| Staff of Teleportation | 2 | |
| Dust of Appearance | 1 | |
| Staff of Preservation | 2 | |
| Potion of Lesser Invulnerability | 2 | |
| Scroll of Protection | 1 | |
10 total
Iceage.Forever (
blue | 119 APM | 11045 actions | 92:27)
5 Death Knight
3 Death Coil
2 Unholy Aura
4 Lich
2 Frost Nova
1 Dark Ritual
1 Frost Armor
» actions
| Assign group hotkey | 335 | |
| Basic commands | 569 | |
| Build / train | 117 | |
| ESC pressed | 5 | |
| Enter build submenu | 21 | |
| Enter hero's abilities submenu | 9 | |
| Give item / drop item | 17 | |
| Right click | 4735 | |
| Select / deselect | 983 | |
| Select group hotkey | 3847 | |
| Use ability | 405 | |
11045 total
» units
| Acolyte | 10 | |
| Ghoul | 2 | |
| Crypt Fiend | 17 | |
| Obsidian Statue | 1 | |
| Frost Wyrm | 22 | |
52 total
» upgrades
| Creature Attack | 3 | |
| Creature Carapace | 3 | |
| Burrow | 1 | |
| Web | 1 | |
| Destroyer Form | 1 | |
| Freezing Breath | 1 | |
10 total
» buildings
| Crypt | 2 | |
| Graveyard | 1 | |
| Ziggurat | 11 | |
| Altar of Darkness | 1 | |
| Tomb of Relics | 1 | |
| Nerubian Tower | 3 | |
| Halls of the Dead | 1 | |
| Spirit Tower | 1 | |
| Sacrificial Pit | 1 | |
| Slaughterhouse | 1 | |
| Black Citadel | 2 | |
| Boneyard | 1 | |
26 total
» build order
00:07 Crypt
00:11 Graveyard
00:28 Ziggurat
00:44 Altar of Darkness
01:00 Tomb of Relics
01:29 Nerubian Tower
01:29 Nerubian Tower
01:55 Ziggurat
03:06 Halls of the Dead
04:37 Ziggurat
04:40 Crypt
05:05 Ziggurat
05:21 Spirit Tower
05:34 Sacrificial Pit
06:03 Slaughterhouse
06:21 Black Citadel
06:21 Black Citadel
08:32 Ziggurat
08:50 Boneyard
11:21 Ziggurat
12:00 Ziggurat
12:08 Ziggurat
12:10 Ziggurat
12:27 Ziggurat
15:48 Ziggurat
15:49 Nerubian Tower
» items
| Rod of Necromancy | 2 | |
| Dust of Appearance | 2 | |
| Sacrificial Skull | 1 | |
| Orb of Corruption | 1 | |
| Scroll of Healing | 2 | |
| Potion of Healing | 1 | |
| Potion of Lesser Invulnerability | 7 | |
| Staff of Teleportation | 2 | |
| Potion of Invisibility | 1 | |
| Lesser Clarity Potion | 4 | |
23 total
team 2 (winner)
Gobiner (
purple | 52 APM | 4811 actions | 92:32)
7 Blademaster
3 Wind Walk
3 Critical Strike
1 Bladestorm
» actions
| Assign group hotkey | 55 | |
| Basic commands | 72 | |
| Build / train | 83 | |
| ESC pressed | 1 | |
| Enter build submenu | 55 | |
| Enter hero's abilities submenu | 7 | |
| Give item / drop item | 10 | |
| Right click | 2725 | |
| Select / deselect | 474 | |
| Select group hotkey | 919 | |
| Use ability | 410 | |
4811 total
» units
» upgrades
| Spiked Barricades | 2 | |
| Ranged Weapons | 3 | |
| Reinforced Defenses | 1 | |
| Liquid Fire | 1 | |
| Envenomed Spears | 1 | |
8 total
» buildings
| Altar of Storms | 1 | |
| Orc Burrow | 4 | |
| War Mill | 1 | |
| Watch Tower | 46 | |
| Voodoo Lounge | 3 | |
| Stronghold | 4 | |
| Beastiary | 2 | |
| Fortress | 1 | |
62 total
» build order
00:07 Altar of Storms
00:15 Orc Burrow
00:30 War Mill
01:43 Watch Tower
01:53 Orc Burrow
02:20 Watch Tower
03:03 Voodoo Lounge
03:14 Watch Tower
03:59 Watch Tower
04:00 Watch Tower
04:25 Watch Tower
05:07 Watch Tower
05:07 Watch Tower
05:25 Stronghold
05:25 Stronghold
05:25 Stronghold
05:42 Watch Tower
06:12 Watch Tower
06:13 Watch Tower
06:36 Voodoo Lounge
06:47 Watch Tower
07:20 Watch Tower
07:30 Watch Tower
07:47 Beastiary
07:53 Beastiary
08:18 Voodoo Lounge
08:52 Fortress
08:58 Orc Burrow
08:59 Orc Burrow
09:06 Watch Tower
09:07 Watch Tower
09:09 Watch Tower
09:10 Watch Tower
09:11 Watch Tower
09:11 Watch Tower
10:53 Watch Tower
10:54 Watch Tower
11:07 Watch Tower
11:47 Watch Tower
12:05 Watch Tower
12:14 Watch Tower
13:03 Watch Tower
13:20 Watch Tower
13:26 Watch Tower
14:09 Watch Tower
14:12 Watch Tower
14:15 Watch Tower
15:10 Watch Tower
15:31 Watch Tower
15:34 Watch Tower
15:40 Watch Tower
16:36 Watch Tower
16:43 Watch Tower
16:50 Watch Tower
17:41 Watch Tower
17:47 Watch Tower
19:14 Watch Tower
25:34 Watch Tower
25:35 Watch Tower
25:36 Watch Tower
28:18 Watch Tower
» items
| Dust of Appearance | 2 | |
| Lesser Clarity Potion | 5 | |
| Healing Salve | 3 | |
| Boots of Speed | 5 | |
| Staff of Teleportation | 5 | |
| Orb of Lightning | 1 | |
| Potion of Lesser Invulnerability | 3 | |
| Circlet of Nobility | 2 | |
26 total
iI.kruton (
red | 155 APM | 14375 actions | 92:30)
5 Blood Mage
2 Flame Strike
2 Siphon Mana
1 Banish
4 Mountain King
2 Storm Bolt
2 Bash
4 Paladin
2 Holy Light
2 Divine Shield
» actions
| Assign group hotkey | 54 | |
| Basic commands | 106 | |
| Build / train | 104 | |
| ESC pressed | 6 | |
| Enter build submenu | 62 | |
| Enter hero's abilities submenu | 14 | |
| Give item / drop item | 3 | |
| Right click | 6724 | |
| Select / deselect | 446 | |
| Select group hotkey | 6319 | |
| Use ability | 537 | |
14375 total
» units
| Peasant | 20 | |
| Sorceress | 1 | |
| Priest | 2 | |
23 total
» upgrades
| Masonry | 3 | |
| Magic Sentry | 1 | |
| Sorceress Training | 1 | |
| Priest Training | 3 | |
8 total
» buildings
| Altar of Kings | 4 | |
| Farm | 15 | |
| Scout Tower | 44 | |
| Lumber Mill | 1 | |
| Arcane Tower | 9 | |
| Guard Tower | 20 | |
| Keep | 2 | |
| Arcane Sanctum | 1 | |
| Arcane Vault | 1 | |
| Castle | 2 | |
99 total
» build order
00:11 Altar of Kings
00:22 Farm
00:46 Scout Tower
00:50 Farm
01:07 Lumber Mill
01:24 Arcane Tower
01:27 Scout Tower
01:52 Scout Tower
01:57 Arcane Tower
02:05 Scout Tower
02:22 Guard Tower
02:32 Scout Tower
02:44 Scout Tower
02:46 Guard Tower
03:19 Farm
03:32 Scout Tower
03:47 Guard Tower
03:48 Guard Tower
04:05 Scout Tower
04:24 Guard Tower
04:36 Scout Tower
04:37 Guard Tower
04:51 Scout Tower
05:30 Keep
05:30 Keep
05:34 Guard Tower
05:35 Guard Tower
05:49 Scout Tower
06:00 Scout Tower
06:00 Scout Tower
06:03 Scout Tower
06:47 Guard Tower
06:50 Scout Tower
06:58 Scout Tower
06:59 Scout Tower
07:00 Scout Tower
07:02 Scout Tower
07:13 Farm
08:01 Arcane Sanctum
08:10 Scout Tower
08:53 Arcane Tower
08:54 Arcane Tower
09:22 Guard Tower
09:24 Scout Tower
09:25 Scout Tower
09:37 Arcane Tower
10:03 Arcane Tower
10:24 Arcane Vault
10:47 Castle
10:50 Arcane Tower
11:00 Farm
12:22 Scout Tower
12:23 Scout Tower
12:24 Guard Tower
13:55 Guard Tower
13:57 Scout Tower
13:58 Scout Tower
13:59 Scout Tower
14:01 Scout Tower
15:43 Arcane Tower
15:46 Guard Tower
15:46 Guard Tower
15:49 Scout Tower
15:51 Scout Tower
22:47 Scout Tower
24:19 Scout Tower
25:29 Scout Tower
26:50 Scout Tower
26:51 Scout Tower
27:36 Guard Tower
27:36 Guard Tower
28:53 Guard Tower
31:44 Scout Tower
31:45 Scout Tower
31:45 Scout Tower
35:31 Scout Tower
35:32 Scout Tower
35:32 Scout Tower
35:33 Scout Tower
35:33 Scout Tower
35:33 Scout Tower
39:10 Arcane Tower
39:13 Altar of Kings
39:14 Farm
39:15 Farm
39:16 Farm
39:17 Altar of Kings
39:19 Farm
39:32 Farm
39:33 Farm
39:36 Farm
84:16 Altar of Kings
89:34 Farm
90:19 Farm
90:24 Farm
» items
| Staff of Teleportation | 2 | |
| Circlet of Nobility | 2 | |
| Boots of Speed | 2 | |
| Orb of Lightning | 5 | |
| Staff of Sanctuary | 3 | |
14 total
MrFrosty (
yellow | 99 APM | 9181 actions | 92:30)
5 Archmage
2 Blizzard
3 Brilliance Aura
5 Mountain King
3 Storm Bolt
2 Bash
5 Paladin
3 Holy Light
2 Divine Shield
» actions
| Assign group hotkey | 21 | |
| Basic commands | 77 | |
| Build / train | 103 | |
| ESC pressed | 2 | |
| Enter build submenu | 57 | |
| Enter hero's abilities submenu | 15 | |
| Give item / drop item | 4 | |
| Right click | 5418 | |
| Select / deselect | 1550 | |
| Select group hotkey | 1310 | |
| Use ability | 624 | |
9181 total
» units
| Peasant | 11 | |
| Priest | 4 | |
| Sorceress | 4 | |
19 total
» upgrades
| Masonry | 3 | |
| Magic Sentry | 1 | |
| Sorceress Training | 2 | |
| Priest Training | 2 | |
8 total
» buildings
| Altar of Kings | 1 | |
| Farm | 5 | |
| Scout Tower | 79 | |
| Lumber Mill | 1 | |
| Arcane Tower | 9 | |
| Guard Tower | 30 | |
| Keep | 1 | |
| Arcane Vault | 2 | |
| Castle | 1 | |
| Arcane Sanctum | 1 | |
130 total
» build order
00:05 Altar of Kings
00:08 Farm
00:37 Scout Tower
00:48 Lumber Mill
01:03 Arcane Tower
01:21 Scout Tower
01:34 Farm
01:46 Scout Tower
02:05 Guard Tower
02:19 Guard Tower
02:21 Scout Tower
03:16 Scout Tower
03:32 Guard Tower
03:34 Scout Tower
03:36 Scout Tower
04:33 Keep
04:53 Arcane Vault
04:55 Arcane Tower
05:02 Guard Tower
05:04 Scout Tower
05:04 Scout Tower
05:19 Guard Tower
05:37 Arcane Tower
06:21 Arcane Tower
06:23 Scout Tower
06:36 Farm
06:55 Guard Tower
06:57 Scout Tower
07:03 Farm
07:05 Castle
07:49 Arcane Sanctum
08:00 Arcane Tower
08:02 Scout Tower
08:04 Scout Tower
08:07 Scout Tower
10:16 Guard Tower
10:17 Scout Tower
10:18 Scout Tower
10:43 Farm
11:30 Guard Tower
11:32 Scout Tower
11:34 Scout Tower
11:36 Scout Tower
11:39 Scout Tower
12:51 Arcane Vault
13:15 Arcane Tower
13:18 Arcane Tower
13:26 Scout Tower
13:29 Arcane Tower
13:30 Guard Tower
13:32 Scout Tower
13:33 Scout Tower
13:33 Scout Tower
13:36 Scout Tower
13:41 Scout Tower
15:32 Guard Tower
15:42 Scout Tower
15:44 Scout Tower
15:47 Scout Tower
15:49 Scout Tower
15:51 Scout Tower
15:53 Scout Tower
15:55 Scout Tower
16:55 Arcane Tower
18:46 Guard Tower
18:48 Guard Tower
18:53 Guard Tower
18:59 Scout Tower
19:34 Guard Tower
22:32 Scout Tower
22:46 Scout Tower
22:56 Scout Tower
22:59 Scout Tower
23:01 Scout Tower
23:07 Scout Tower
23:08 Scout Tower
23:28 Scout Tower
25:06 Scout Tower
29:59 Scout Tower
33:03 Scout Tower
33:04 Scout Tower
33:04 Scout Tower
33:06 Scout Tower
33:06 Scout Tower
33:07 Scout Tower
33:07 Scout Tower
33:09 Scout Tower
33:10 Scout Tower
33:10 Scout Tower
33:10 Scout Tower
33:47 Guard Tower
33:49 Scout Tower
33:51 Scout Tower
33:51 Scout Tower
33:52 Scout Tower
33:54 Scout Tower
33:55 Scout Tower
33:56 Scout Tower
33:57 Scout Tower
34:03 Guard Tower
34:37 Guard Tower
34:40 Guard Tower
34:41 Guard Tower
34:42 Guard Tower
34:54 Guard Tower
35:27 Guard Tower
35:28 Scout Tower
35:30 Scout Tower
35:34 Scout Tower
35:35 Scout Tower
35:35 Scout Tower
35:37 Guard Tower
35:39 Scout Tower
35:40 Scout Tower
35:41 Scout Tower
35:45 Scout Tower
35:46 Scout Tower
36:06 Guard Tower
36:14 Guard Tower
36:17 Scout Tower
36:17 Scout Tower
36:18 Scout Tower
36:18 Scout Tower
36:19 Scout Tower
36:20 Scout Tower
36:21 Guard Tower
36:22 Guard Tower
37:01 Guard Tower
37:51 Guard Tower
38:33 Guard Tower
» items
| Boots of Speed | 2 | |
| Healing Salve | 2 | |
| Staff of Teleportation | 3 | |
| Periapt of Vitality | 1 | |
| Staff of Sanctuary | 3 | |
| Orb of Lightning | 3 | |
| Lesser Clarity Potion | 1 | |
| Ivory Tower | 1 | |
| Scroll of Town Portal | 1 | |
17 total
Chat log
(00:07 / All) iI.kruton: Sup boys :D
(00:11 / All) evo[lgnd]: hi rapist
(00:15 / All) iI.kruton: ^^
(14:53 / All) iI.kruton: LOOL
(15:16 / All) iI.kruton: plz...u should be less obvious
(15:24 / All) evo[lgnd]: mass wards?
(15:25 / All) evo[lgnd]: fool
(15:30 / All) iI.kruton: U had no wards anywehre there
(15:32 / All) iI.kruton: i scanned it before time
(15:36 / All) iI.kruton: u ran strait to me then warded lmao
(15:37 / All) Iceage.Forever: u should be less obvious
(17:06 / All) Iceage.Forever: wow nice
(17:09 / All) iI.kruton: w0w
(17:12 / All) Gobiner: owned
(18:27 / All) iI.kruton: JK
(20:38 / All) iI.kruton: visitir harla venta
(20:50 / All) Gobiner: vi spelar lite dota
(21:39 / All) iI.kruton: prepare for wave 1...
(41:08 / All) iI.kruton: u got some nice jailbait there pink
(41:43 / All) evo[lgnd]: still 30k gold
(41:44 / All) evo[lgnd]: sry
(41:46 / All) iI.kruton: damn'
(41:47 / All) MrFrosty: oh.
(46:26 / All) evo[lgnd]: so
(46:32 / All) Gobiner: so~
(46:35 / All) evo[lgnd]: u have been playing this strat for 4 years now
(46:41 / All) Gobiner: u mad?
(46:44 / All) evo[lgnd]: no
(46:48 / All) evo[lgnd]: i m 3-1 vs this
(46:50 / All) Gobiner: u mad son
(47:00 / All) Gobiner: lol u lost to towers
(47:19 / All) iI.kruton: so
(47:23 / All) iI.kruton: is that worse or better
(47:27 / All) iI.kruton: than ur rec vs other strats
(47:33 / All) iI.kruton: 3-1 QWOOOOO
(47:37 / All) evo[lgnd]: similar i guess
(48:38 / All) evo[lgnd]: scan my gold mine
(48:43 / All) iI.kruton: kkk
(48:48 / All) iI.kruton: pretty
(48:50 / All) Gobiner: dang 4k
(48:53 / All) Gobiner: gonna win u this
(49:06 / All) evo[lgnd]: still have 20k
(49:08 / All) evo[lgnd]: mined
(49:10 / All) evo[lgnd]: banked
(49:11 / All) Gobiner: uh huh
(49:13 / All) iI.kruton: u went thru 10 that fast?
(49:15 / All) iI.kruton: wow
(49:30 / All) evo[lgnd]: o
(49:34 / All) evo[lgnd]: 350 gold gone
(49:40 / All) Gobiner: I got 44k in the bank :)
(49:53 / All) ExtrA.DrY: u dont get 44k if u have 3 mines....
(49:55 / All) ExtrA.DrY: idiot
(50:09 / All) Gobiner: shit
(50:15 / All) Gobiner: u saw through my deceit
(52:22 / All) ExtrA.DrY: did i hear AM die?
(52:29 / All) iI.kruton: T.T
(52:38 / All) Gobiner: nope that's actually the sound he makes when he ejaculates
(55:51 / All) Gobiner: what do you think those trees are helping us with?
(56:54 / All) Gobiner: thanks for the tree cutting service
(56:58 / All) Gobiner: what do we owe you?
(57:02 / All) Gobiner: like $15 a tree?
(58:28 / Allies) iI.kruton: lagged real bad there
(62:36 / All) iI.kruton: did i just hear
(62:40 / All) iI.kruton: a death knight die
(62:49 / All) MrFrosty: why not tav. revive?
(62:53 / All) MrFrosty: so much faster
(65:10 / All) iI.kruton: pink
(65:16 / All) iI.kruton: i wouldnt give any of that 4100 gold to blue
(65:19 / All) iI.kruton: hes prob just gonna feed again
(65:23 / All) evo[lgnd]: ya
(65:25 / All) evo[lgnd]: =(
(66:07 / All) Gobiner: what are you going to do with the 20k you got?
(68:31 / All) evo[lgnd]: do wards give exp?
(68:34 / All) iI.kruton: yes
(68:37 / All) evo[lgnd]: omg
(68:47 / All) Gobiner: they give 5
(68:50 / All) Gobiner: so not v. much
(69:49 / All) Gobiner: good staff
(70:56 / All) ExtrA.DrY: ROFL
(71:01 / All) iI.kruton: damn son
(78:39 / All) ExtrA.DrY: gg
(78:43 / All) Gobiner: 2ez nubs
(78:43 / All) iI.kruton: 2ez
(79:07 / All) Gobiner: whatever happened to that 30k
(79:18 / All) Gobiner: I guess it went to the same place as your skills
(81:23 / Allies) MrFrosty: a ring
(81:24 / Allies) MrFrosty: of fire
(81:28 / Allies) MrFrosty: and ice
(81:45 / All) MrFrosty: do you dare step into the ring of fire and ice
(85:45 / All) Gobiner: 30k 30k 30k 30k 30k 30k 30k 30k 30k 30k 30k 30k 30k 30k 30k 30k 30k 30k 30k 30k 30k 30k 30k 30k 30k 30k 30k 30k 30k 30k 30k
(85:54 / All) Gobiner: I got 30k gold
(86:44 / All) Gobiner: if only you guys could've known what our strategy this game would be
(86:48 / All) Gobiner: you could've countered it
(86:53 / All) evo[lgnd]: i do know
(86:59 / All) evo[lgnd]: my allies kinda noob
(87:13 / All) Gobiner: ahhh the old stand-by noobscuse "allies"
(91:28 / All) Gobiner: gg